 Seeded DCSS version 0.30.1-9-gdf580d7c3d (webtiles) character file.

Game seed: 920673320228942481 (custom seed)

296905 Psyclone the Eclecticist (level 20, -17/137 HPs)
             Began as an Octopode Conjurer on Oct 11, 2023.
             Was an Initiate of Ashenzari.
             Killed from afar by a deep elf sorcerer (18 damage)
             ... with a bolt of acid
             ... on level 3 of the Elven Halls.
             The game lasted 03:07:56 (54878 turns).

Psyclone the Eclecticist (Octopode Conjurer)       Turns: 54878, Time: 03:07:56

Health: -17/137    AC:  7    Str:  5    XL:     20   Next: 92%
Magic:  28/51      EV: 15    Int: 45    God:    Ashenzari [......]
Gold:   538        SH: 15    Dex: 11    Spells: 7/55 levels left

rFire   + + .        a - staff of conjuration
rCold   . . .        W - +0 kite shield {rN+}
rNeg    + + .        c - -2 hat of the Alchemist {rElec rPois rF+ rC+ rN+ Will+ rMut rCorr}
rPois   +            d - amulet of the acrobat
rElec   +            e - ring of the Mage {Wiz Archmagi}
rCorr   +            f - ring "Toiluc" {Fire Drain rPois MP+9 Int+6}
SInv    +            g - ring "Uplaaj" {rElec AC+4 Str-2 Int+5}
Will    ++...        h - ring of wizardry
Stlth   +++          i - +4 ring of protection
HPRegen 0.42/turn    Y - ring of see invisible
MPRegen 0.32/turn    Z - +6 ring of intelligence
                     V - +4 ring of protection

%: acrobat, resist mutation, wizardry (x2), archmagi
@: about to teleport, corroded
A: almost no armour, amphibious, 8 rings, camouflage 1, gelatinous body 1,
(nimble swimmer 1), tentacles, antennae 2, large bone plates 1, sense
surroundings 2, poison resistance, wild magic 1
}: 2/15 runes: decaying, serpentine
a: Renounce Religion, Curse Item


You were on level 3 of the Elven Halls.
You worshipped Ashenzari.
Ashenzari was noncommittal.
You visited 6 branches of the dungeon, and saw 33 of its levels.
You visited the Abyss 1 time.
You also visited: Gauntlet.

You collected 16922 gold pieces.
You spent 8020 gold pieces at shops.
You paid 8364 gold pieces to Gozag.

Inventory:

Armour
 c - the -2 hat of the Alchemist (worn) {rElec rPois rF+ rC+ rN+ Will+ rMut rCorr}
   (You bought it in a shop on level 7 of the Dungeon)

   rF:        It protects you from fire.
   rC:        It protects you from cold.
   rElec:     It insulates you from electricity.
   rPois:     It protects you from poison.
   rN:        It protects you from negative energy.
   rCorr:     It protects you from acid and corrosion.
   rMut:      It protects you from mutation.
   Will:      It increases your willpower.
 W - a +0 kite shield of positive energy (worn)
Magical Staves
 a - a staff of conjuration (weapon)
Jewellery
 d - an amulet of the acrobat (around mantle)
 e - the ring of the Mage (left tentacle) {Wiz Archmagi}
   (You bought it in a shop on level 7 of the Dungeon)

   [ring of wizardry]

   It improves your spell success rate.
   Archmagi:  It increases the power of your magical spells.
 f - the ring "Toiluc" (right tentacle) {Fire Drain rPois MP+9 Int+6}
   (You bought it in a shop on level 7 of the Dungeon)

   [ring of fire]

   It enhances your fire magic.
   Int:       It affects your intelligence (+6).
   rF:        It protects you from fire.
   rC:        It makes you vulnerable to cold.
   rPois:     It protects you from poison.
   MP:        It affects your magic capacity (+9).
   Drain:     It drains your maximum health when unequipped.
 g - the ring "Uplaaj" (on tentacle) {rElec AC+4 Str-2 Int+5}
   (You bought it in a shop on level 7 of the Dungeon)

   [ring of protection]

   AC:        It affects your AC (+4).
   Str:       It affects your strength (-2).
   Int:       It affects your intelligence (+5).
   rElec:     It insulates you from electricity.
 h - a ring of wizardry (on tentacle)
 i - a +4 ring of protection (on tentacle)
 q - the amulet of Hard Scrabble {Reflect +Inv Dex+3 SH+5}
   (You found it on level 4 of the Snake Pit)

   [amulet of reflection]

   It reflects blocked missile attacks.
   Dex:       It affects your dexterity (+3).
   +Inv:      It lets you turn invisible.
   SH:        It affects your SH (+5).
 B - a ring of willpower
 G - the amulet "Giogomotz" {rF+++ Regen+ Str+6 Int+3}
   (You found it on level 6 of the Dungeon)

   [amulet of regeneration]

   Str:       It affects your strength (+6).
   Int:       It affects your intelligence (+3).
   rF:        It renders you almost immune to fire.
   Regen:     It increases your rate of health regeneration.
 K - a +4 ring of protection
 O - the ring of the Voivode {Drain Str+5 Int+6}
   (You found it in a Gauntlet)

   [ring of intelligence]

   Str:       It affects your strength (+5).
   Int:       It affects your intelligence (+6).
   Drain:     It drains your maximum health when unequipped.
 U - a +5 ring of evasion
 V - a +4 ring of protection (on tentacle)
 Y - a ring of see invisible (on tentacle)
 Z - a +6 ring of intelligence (on tentacle)
Wands
 t - a wand of paralysis (30)
 z - a wand of polymorph (34)
 M - a wand of digging (8)
 P - a wand of roots (15)
Scrolls
 b - a scroll of brand weapon
 o - 18 scrolls of teleportation
 p - 2 scrolls of enchant weapon
 r - 12 scrolls of identify {@r1}
 s - 7 scrolls of fog
 u - 11 scrolls of poison
 y - 3 scrolls of magic mapping
 D - 5 scrolls of immolation
 F - 4 scrolls of enchant armour
 J - 4 scrolls of amnesia
 Q - 2 scrolls of summoning
 S - 9 scrolls of fear
 T - 7 scrolls of blinking
Potions
 j - 12 potions of heal wounds
 k - 2 potions of magic
 l - 9 potions of curing
 m - 3 potions of lignification
 n - 4 potions of ambrosia
 v - 2 potions of cancellation
 w - 5 potions of resistance
 x - 4 potions of brilliance
 A - 2 potions of might
 C - 5 potions of mutation
 E - 3 potions of invisibility
 H - 2 potions of haste
 N - 4 potions of flight
Miscellaneous
 L - a phantom mirror


   Skills:
 - Level 12.0 Fighting
 - Level 12.0 Dodging
 - Level 2.6 Stealth
 - Level 10.0 Shields
 + Level 18.4 Spellcasting
 - Level 14.7 Conjurations
 - Level 12.0 Transmutations
 + Level 17.1 Air Magic
 - Level 12.0 Earth Magic


You had 7 spell levels left.
You knew the following spells:

 Your Spells              Type           Power      Damage    Failure   Level
a - Statue Form           Tmut/Erth      92%        N/A       1%          6
b - Searing Ray           Conj           100%       2d8       1%          2
c - Fireball              Conj/Fire      84%        3d31      1%          5
d - Fulminant Prism       Conj/Hex       71%        3d30      1%          4
e - Iskenderun's Mystic   Conj/Tloc      100%       2d19      1%          4
f - Freezing Cloud        Conj/Ice/Air   79%        6-21      1%          5
g - Arcjolt               Conj/Air       89%        1d99      1%          5
h - Orb of Destruction    Conj           87%        9d19      2%          7
i - Magic Dart            Conj           100%       1d8       1%          1
p - Passwall              Tmut/Erth      100%       N/A       1%          2
q - Blink                 Tloc           100%       N/A       1%          2
x - Irradiate             Conj/Tmut      84%        3d39      1%          5

Your spell library contained the following spells:

 Spells                   Type           Power      Damage    Failure   Level
 Foxfire                  Conj/Fire      100%       2x1d9     1%          1
 Kiss of Death            Conj/Necr      100%       2d13      1%          1
 Sandblast                Erth           100%       2d20      1%          1
 Shock                    Conj/Air       100%       1d9       1%          1
 Call Imp                 Summ           100%       N/A       1%          2
 Lesser Beckoning         Tloc           100%       N/A       1%          2
 Poisonous Vapours        Pois/Air       100%       N/A       1%          2
 Scorch                   Fire           100%       2d9       1%          2
 Dazzling Flash           Conj/Hex       100%       N/A       1%          3
 Ignite Poison            Fire/Tmut/Pois 100%       N/A       1%          3
 Mephitic Cloud           Conj/Pois/Air  100%       N/A       1%          3
 Spider Form              Tmut/Pois      100%       N/A       1%          3
 Stone Arrow              Conj/Erth      100%       3d13      1%          3
 Swiftness                Air            100%       N/A       1%          3
 Airstrike                Air            77%        2d(12-28) 1%          4
 Flame Wave               Conj/Fire      100%       2d21      1%          4
 Ice Form                 Ice/Tmut       100%       N/A       1%          4
 Leda's Liquefaction      Hex/Erth       55%        N/A       1%          4
 Petrify                  Tmut/Erth      100%       N/A       1%          4
 Summon Lightning Spire   Summ/Air       100%       N/A       1%          4
 Blade Hands              Tmut           69%        N/A       1%          5
 Iskenderun's Battlesphe  Conj           100%       2d15      1%          5
 Lee's Rapid Deconstruct  Erth           69%        3d31*     1%          5
 Silence                  Hex/Air        62%        N/A       1%          5
 Conjure Ball Lightning   Conj/Air       89%        3x3d33    1%          6
 Borgnjor's Vile Clutch   Necr/Erth      55%        N/A       2%          5
 Storm Form               Tmut/Air       73%        N/A       2%          7
 Call Canine Familiar     Summ           69%        N/A       3%          3
 Confusing Touch          Hex            69%        N/A       3%          3
 Frozen Ramparts          Ice            100%       1d16      3%          3
 Gell's Gravitas          Tloc           69%        N/A       3%          3
 Portal Projectile        Hex/Tloc       100%       N/A       3%          3
 Summon Guardian Golem    Hex/Summ       69%        N/A       3%          3
 Teleport Other           Tloc           69%        N/A       3%          3
 Vampiric Draining        Necr           69%        2d10      3%          3
 Volatile Blastmotes      Fire/Tloc      100%       2d18      3%          3
 Plasma Beam              Fire/Air       74%        2x1d100   4%          6
 Dragon Form              Tmut           69%        N/A       6%          7
 Starburst                Conj/Fire      84%        6d21      8%          6
 Dispel Undead            Necr           69%        3d23      10%         4
 Manifold Assault         Tloc           69%        N/A       10%         4
 Olgreb's Toxic Radiance  Pois           69%        N/A       10%         4
 Passage of Golubria      Tloc           69%        N/A       10%         4
 Summon Ice Beast         Ice/Summ       69%        N/A       10%         4
 Agony                    Necr           69%        N/A       24%         5
 Metabolic Englaciation   Hex/Ice        34%        N/A       24%         5
 Spellforged Servitor     Conj/Summ      71%        N/A       32%         7
 Dispersal                Tloc           34%        N/A       71%         6
 Summon Cactus Giant      Summ           34%        N/A       71%         6
 Malign Gateway           Summ/Tloc      34%        N/A       99%         7
 Maxwell's Capacitive Co  Air            77%        ∞         6%          8
 Chain Lightning          Conj/Air       89%        3d118     71%         9
 Shatter                  Erth           69%        3d51*     99%         9
 Borgnjor's Revivificati  Necr           34%        N/A       100%        8
 Discord                  Hex            34%        N/A       100%        8
 Disjunction              Tloc           34%        N/A       100%        8
 Ignition                 Fire           44%        3d13      100%        8
 Summon Horrible Things   Summ           34%        N/A       100%        8
 Fire Storm               Conj/Fire      84%        8d21      100%        9


Dungeon Overview and Level Annotations

Branches:
Dungeon (15/15) Zot: 24601  Temple (0/1) D:6            Lair (5/5) D:8 Zot: 21054
  Swamp (4/4) Lair:3 Zot: 17931   Snake (4/4) Lair:3 Zot: 15256   Slime (0/5) Lair:5
    Orc (2/2) D:11 Zot: 9732     Elf (3/3) Orc:2 Zot: 11688  Vaults (0/5) D:13
 Depths (0/4) D:15        Gauntlet (visited)

Altars:
Ashenzari
Fedhas
Gozag
Makhleb
Nemelex Xobeh
Ru
Trog
Wu Jian
Yredelemnul
Zin

Shops:
D:3 *:   D:7 [::=:=*[   D:12 [   D:13 (   Orc:1 (   Orc:2 **:?   Snake:1 *
Snake:4 (

Annotations:
D:9 2 transporters, exclusion: downstairs, deremet's ghost, novice GnDe
Swamp:3 exclusion: downstairs


Innate Abilities, Weirdness & Mutations

You cannot wear most types of armour.
You are amphibious.
You can wear up to eight rings at the same time.
Your skin changes colour to match your surroundings (Stealth+).
Your rubbery body absorbs attacks. (AC +1, EV +1)
((You are camouflaged when in or above water. (Stealth+)))
You have tentacles for arms and can constrict up to eight enemies at once.
You have a pair of antennae on your head.
You are partially covered in large bone plates. (SH +4)
You passively map the area around you.
Your system is resistant to poisons. (rPois)
Your spells are a little harder to cast, but a little more powerful.


Message History

Casting: Iskenderun's Mystic Blast (mildly dangerous; 1% risk of failure)
Confirm with . or Enter, or press ? or * to list all spells.
You feel a strong surge of power!
You erupt in a blast of force!
The mystic blast hits the deep elf sorcerer!!
The deep elf sorcerer is almost dead.
The deep elf sorcerer is knocked back by the mystic blast.
The deep elf sorcerer slams into the stone wall!
You kill the deep elf sorcerer!
You feel sick.
The deep elf sorcerer casts a spell at you.
You resist with almost no effort.
The deep elf zephyrmancer zaps a wand.
You resist with almost no effort.
The deep elf sorcerer points at you and mumbles some strange words.
The bolt of acid hits you! You resist.
You take 17 damage, and have 43/137 hp.
You now have 28/51 mp.
You feel sick.
The deep elf zephyrmancer casts a spell at you.
The bolt of lightning hits the earth elemental.
The earth elemental completely resists.
The bolt of lightning misses you.
You hear a shout!
Things that are here:
a +0 buckler; a +0 chain mail; a +0 scimitar You take 1 damage, and have 42/137 hp.
As you read the scroll of teleportation, it crumbles to dust.
You feel strangely unstable.
You feel sick.
You are no longer poisoned.
The deep elf sorcerer points at you and mumbles some strange words.
The bolt of acid hits you! You resist.
* * * LOW HITPOINT WARNING * * *
The acid corrodes you!
The deep elf zephyrmancer casts a spell at you.
The bolt of lightning hits the earth elemental.
The earth elemental completely resists.
The bolt of lightning hits you! You resist.
* * * LOW HITPOINT WARNING * * *
The reaper hits you from afar with a +4 heavy scythe!!
* * * LOW HITPOINT WARNING * * *
The deep elf sorcerer gestures at you while chanting.
The bolt of acid hits you!! You resist.
You die...

##'#########'#####'#####...
#........'.......#.....##..
#.......)#.......'......##.
#......).#.....).#.......##
#########)[############...'
#[)# #...# *** #[2#,***
#...# **,**#.[#**,** #...#
**,,,*#.@#*,,,** #.).#
**,,,,,#)[#,,,,,** #...#
**,,,#...[....#,,,** ##'##
*,,,*##...[.E##*,,,* #...'
**,,,#....e...#,,,** #...#
**,......[.....,** #...#
*#............#* #...#
##........e.## #...#
##........## #'###


You could see a reaper, a deep elf sorcerer (fast), an earth elemental and a
deep elf zephyrmancer.

Vanquished Creatures
  the Lernaean hydra (Swamp:4)
  A bone dragon (Abyss:2)
  Nikola (Snake:2)
  The ghost of Puzaheze the Spry, an adept TeCj of Vehumet (Snake:1)
  2 deep elf master archers (Elf:3)
  2 deep elf blademasters (Elf:3)
  The ghost of laqueoix the Executioner, an adept HOFi of Yredelemnul (Snake:4)
  Kirke (Snake:3)
  4 nagarajas (Snake:4)
  A fenstrider witch (Swamp:1)
  6 deep elf sorcerers (Elf:3)
  3 deep elf elementalists
  2 stone giants
  4 eleionomae
  4 deep elf demonologists
  A dire elephant (Lair:5)
  5 deep elf annihilators (Elf:3)
  A minotaur (Gauntlet)
  7 bunyips
  5 deep elf death magi
  A blizzard demon (Gauntlet)
  A shambling mangrove (Swamp:3)
  A deep elf high priest (Elf:3)
  Josephine (D:14)
  Fannar (Lair:1)
  4 ogre magi
  Harold (D:10)
  2 salamander tyrants (Snake:4)
  17 hydras
  4 vault guards (D:13)
  12 anacondas
  4 boulder beetles
  5 ghost crabs
  A catoblepas (Lair:5)
  17 two-headed ogres
  20 naga warriors
  4 alligators
  4 centaur warriors
  2 tengu warriors (D:15)
  30 dancing weapons
  Erica (D:8)
  A death knight (D:14)
  11 death yaks
  A deep troll shaman (Lair:5)
  Urug (Lair:5)
  21 naga sharpshooters
  An orc high priest (Orc:1)
  6 hell knights (D:10)
  14 shock serpents
  2 skysharks
  A fire crab (Gauntlet)
  22 deep elf knights
  3 sea snakes
  4 skeletal warriors (D:15)
  3 salamander mystics
  11 goliath frogs
  3 spriggan druids
  Pikel (D:8)
  2 deep trolls (Orc:2)
  9 swamp dragons
  An obsidian statue (Snake:1)
  15 bog bodies
  5 naga ritualists
  An orc knight (D:15)
  22 deep elf archers
  9 mana vipers
  31 deep elf zephyrmancers
  A necromancer (D:10)
  3 orc sorcerers
  A glowing shapeshifter (Elf:3)
  6 will-o-the-wisps
  25 deep elf pyromancers
  18 ugly things
  2 manticores (D:14)
  12 salamanders
  4 cyclopes
  A moth of wrath (Snake:4)
  7 guardian serpents
  38 black mambas
  19 elephants
  A guardian serpent (shapeshifter) (Elf:1)
  23 naga magi
  Joseph (D:8)
  2 torpor snails (Lair:2)
  A gargoyle (D:13)
  A komodo dragon (shapeshifter) (D:13)
  An unseen horror (D:11)
  2 rime drakes
  A kobold demonologist (D:6)
  5 cane toads
  An ice devil (Gauntlet)
  An efreet (D:15)
  10 komodo dragons
  A tengu conjurer (D:15)
  3 polar bears
  10 tyrant leeches
  An ancient zyme (Abyss:2)
  6 meliai (D:15)
  9 trolls
  8 dream sheep
  A bloated husk (Swamp:3)
  6 hornets
  11 blink frogs
  A jumping spider (shapeshifter) (D:13)
  A vampire (D:13)
  2 air elementals
  Sigmund (D:4)
  6 wraiths
  7 spriggans
  A shadow (D:10)
  6 wyverns
  5 slime creatures
  A ynoxinul (Abyss:2)
  52 yaks
  3 fire bats (Gauntlet)
  4 fire elementals
  5 hogs (Snake:3)
  8 basilisks
  2 steam dragons
  Grum (D:8)
  Menkaure (D:5)
  12 vampire mosquitoes
  23 swamp worms
  2 wargs
  50 nagas
  9 hell hounds
  An acid dragon (D:12)
  18 water moccasins
  Duvessa (D:7)
  A meliai simulacrum (D:15)
  A sky beast (D:7)
  11 swamp drakes
  4 black bears
  14 orc warriors
  2 ice beasts
  15 centaurs
  13 wolves
  4 lemures (D:8)
  26 ogres
  2 phantoms (D:6)
  2 kobold brigands
  Blork the orc (D:4)
  3 gnoll sergeants
  An earth elemental (Elf:2)
  9 scorpions
  10 bullfrogs
  5 wights
  Dowan (D:7)
  14 killer bees
  4 howler monkeys (D:9)
  6 electric eels
  4 hounds
  9 orc priests
  Crazy Yiuf (D:2)
  A gnoll bouda (Lair:4)
  3 jellies
  Natasha (thrice) (D:2)
  An iguana (D:5)
  Ijyb (D:5)
  19 orc wizards
  Robin (D:4)
  5 adders
  15 gnolls
  8 white imps
  An ufetubus (D:6)
  A worm (D:3)
  2 dart slugs
  69 orcs
  11 endoplasms
  2 giant cockroaches
  9 goblins
  7 hobgoblins
  2 quokkas
  3 training dummies (Orc:1)
  9 ball pythons
  4 bats
  17 kobolds
  4 rats
  2 fulminant prisms
1216 creatures vanquished.

Vanquished Creatures (others)
  A dancing weapon (Elf:2)
  An alligator (Swamp:4)
  A deep elf knight (Elf:2)
  2 deep elf zephyrmancers
  A water elemental (Elf:2)
  A swamp worm (Swamp:3)
  A white imp (Gauntlet)
  14 foxfires
  214 fulminant prisms
236 creatures vanquished.

Grand Total: 1452 creatures vanquished

Notes
Turn   | Place    | Note
-------+----------+-------------------------------------------
     0 | D:1      | Psyclone the Octopode Conjurer began the quest for the Orb.
     0 | D:1      | Reached XP level 1. HP: 11/11 MP: 3/3
   285 | D:1      | Identified 3 scrolls of acquirement
   285 | D:1      | Acquired 1312 gold pieces
   293 | D:1      | Acquired 1281 gold pieces
   308 | D:1      | Acquired 1321 gold pieces
   336 | D:2      | Reached XP level 2. HP: 17/17 MP: 0/5
   537 | D:3      | Learned a level 2 spell: Searing Ray
   698 | D:3      | Found Xyxiz's Assorted Antiques.
   709 | D:3      | Bought 2 fizzy ruby potions for 41 gold pieces
   766 | D:3      | Found Rylak's Book Boutique.
   817 | D:3      | Gained mutation: You are dopey. (Int -2) [potion of
                  | mutation]
   817 | D:3      | Gained mutation: You are occasionally teleported next to
                  | monsters. [potion of mutation]
   817 | D:3      | Gained mutation: One of your tentacles bears a spike.
                  | [potion of mutation]
   817 | D:3      | Gained mutation: You have hidden genetic potential. [potion
                  | of mutation]
   885 | D:4      | Reached skill level 5 in Conjurations
   885 | D:4      | Reached XP level 3. HP: 15/21 MP: 0/6
   902 | D:4      | Gained mutation: You have great hidden genetic potential.
                  | [hidden potential]
  1003 | D:4      | Noticed Blork the orc
  1015 | D:4      | Killed Blork the orc
  1016 | D:4      | Reached XP level 4. HP: 9/27 MP: 0/7
  1016 | D:4      | Reached XP level 5. HP: 10/31 MP: 0/8
  1028 | D:4      | Gained mutation: Your spells are a little harder to cast,
                  | but a little more powerful. [hidden potential]
  1028 | D:4      | Lost mutation: You have great hidden genetic potential.
                  | [hidden potential expressed]
  1276 | D:4      | Learned a level 2 spell: Blink
  1315 | D:5      | Entered Level 5 of the Dungeon
  1411 | D:5      | Noticed Menkaure
  1432 | D:6      | Noticed a phantom
  1435 | D:6      | Noticed a centaur
  1551 | D:7      | Noticed a steam dragon
  1557 | D:7      | Killed a steam dragon
  1558 | D:7      | Reached XP level 6. HP: 22/36 MP: 0/9
  1561 | D:7      | Noticed a sky beast
  1564 | D:7      | Gained mutation: You have great hidden genetic potential.
                  | [hidden potential]
  1637 | D:7      | Lost mutation: You are dopey. (Int -2) [potion of mutation]
  1637 | D:7      | Lost mutation: One of your tentacles bears a spike. [potion
                  | of mutation]
  1637 | D:7      | Lost mutation: You are occasionally teleported next to
                  | monsters. [potion of mutation]
  1637 | D:7      | Gained mutation: You are partially covered in large bone
                  | plates. (SH +4) [potion of mutation]
  1637 | D:7      | Gained mutation: You passively map a small area around you.
                  | [potion of mutation]
  1637 | D:7      | Gained mutation: You have a pair of small antennae on your
                  | head. [potion of mutation]
  1644 | D:7      | Learned a level 2 spell: Passwall
  1800 | D:7      | Found an opulent altar of Gozag.
  1805 | D:7      | Became a worshipper of Gozag Ym Sagoz the Greedy
  1933 | D:6      | Reached XP level 7. HP: 41/41 MP: 0/10
  2439 | D:6      | Noticed a steam dragon
  2478 | D:6      | Killed a steam dragon
  2615 | D:5      | Noticed Ijyb
  2630 | D:5      | Reached XP level 8. HP: 46/46 MP: 5/11
  2696 | D:5      | Reached skill level 10 in Conjurations
  2759 | D:5      | Gained mutation: You passively map the area around you.
                  | [hidden potential]
  2759 | D:5      | Lost mutation: You have great hidden genetic potential.
                  | [hidden potential expressed]
  4598 | D:2      | Noticed Natasha
  4604 | D:2      | Killed Natasha
  5094 | D:2      | Found a runed translucent door.
  5095 | D:2      | Noticed Crazy Yiuf
  5100 | D:2      | Killed Crazy Yiuf
  5272 | D:2      | Noticed Natasha
  5275 | D:2      | Killed Natasha
  5564 | D:2      | Noticed Natasha
  5570 | D:2      | Killed Natasha
  6098 | D:4      | Got the Precepts of Hapless Last Rites
  6256 | D:4      | Noticed Sigmund
  6271 | D:4      | Killed Sigmund
  6403 | D:4      | Noticed Robin
  6411 | D:4      | Killed Robin
  6644 | D:4      | Reached XP level 9. HP: 51/51 MP: 7/12
  6739 | D:4      | Learned a level 4 spell: Fulminant Prism
  6932 | D:5      | Killed Ijyb
  6938 | D:5      | Reached skill level 1 in Fighting
  6939 | D:5      | Gained mutation: Your system is resistant to poisons.
                  | (rPois) [hidden potential]
  7402 | D:5      | Killed Menkaure
  7408 | D:5      | Identified the amulet "Deiwnuuf" {Spirit rPois Str+4}
  7634 | D:5      | Found a sacrificial altar of Ru.
  7954 | D:6      | Found a burning altar of Makhleb.
  8052 | D:6      | Identified the amulet "Giogomotz" {rF+++ Regen+ Str+6
                  | Int+3}
  8085 | D:6      | Found a staircase to the Ecumenical Temple.
  8602 | D:7      | Bought a manual of Spellcasting for 960 gold pieces
  8624 | D:7      | Reached skill level 3 in Spellcasting
  8630 | D:7      | Reached skill level 4 in Spellcasting
  8789 | D:7      | Found a blossoming altar of Fedhas.
  8985 | D:7      | Found a broken altar of Ashenzari.
  9030 | D:7      | Reached skill level 5 in Spellcasting
  9194 | D:7      | Reached skill level 6 in Spellcasting
  9524 | D:7      | Noticed Dowan
  9527 | D:7      | Noticed Duvessa
  9540 | D:7      | Killed Dowan
  9543 | D:7      | Killed Duvessa
  9544 | D:7      | Reached skill level 7 in Spellcasting
  9544 | D:7      | Reached XP level 10. HP: 52/63 MP: 9/20
  9670 | D:7      | Gained mutation: You have a pair of antennae on your head.
                  | [hidden potential]
  9670 | D:7      | Lost mutation: You have hidden genetic potential. [hidden
                  | potential expressed]
  9838 | D:7      | Reached skill level 8 in Spellcasting
  9925 | D:7      | Found a glowing silver altar of Zin.
 10251 | D:6      | Reached skill level 9 in Spellcasting
 10310 | D:6      | Noticed a kobold demonologist
 10320 | D:6      | Killed a kobold demonologist
 10321 | D:6      | Reached skill level 10 in Spellcasting
 10688 | D:8      | Found a staircase to the Lair.
 10708 | D:8      | Reached skill level 11 in Spellcasting
 10872 | D:8      | Reached skill level 12 in Spellcasting
 11058 | D:8      | Reached skill level 1 in Shields
 11065 | Lair:1   | Entered Level 1 of the Lair of Beasts
 11229 | Lair:1   | Reached skill level 5 in Dodging
 11232 | Lair:1   | Reached skill level 5 in Fighting
 11232 | Lair:1   | Reached XP level 11. HP: 71/71 MP: 15/27
 11436 | D:7      | Bought the ring of the Mage {Wiz Archmagi} for 510 gold
                  | pieces
 11436 | D:7      | Found the ring of the Mage {Wiz Archmagi}
 11475 | D:8      | Noticed Erica
 11485 | D:8      | Killed Erica
 11701 | D:8      | Noticed Pikel
 11710 | D:8      | Killed Pikel
 11796 | D:8      | Noticed Joseph
 11800 | D:8      | Killed Joseph
 11872 | D:8      | Noticed Grum
 11875 | D:8      | Killed Grum
 12474 | D:9      | Reached skill level 5 in Shields
 12665 | D:9      | Found a basalt altar of Yredelemnul.
 12666 | D:9      | Found an ornate altar of the Wu Jian Council.
 13051 | D:9      | Found a transporter.
 13053 | D:9      | Noticed a two-headed ogre
 13053 | D:9      | Noticed a two-headed ogre
 13054 | D:9      | Found a transporter.
 13054 | D:9      | Noticed deremet's ghost (novice GnDe)
 13055 | D:9      | Noticed a two-headed ogre
 13055 | D:9      | Noticed a two-headed ogre
 13056 | D:9      | Noticed a two-headed ogre
 13615 | D:10     | Entered Level 10 of the Dungeon
 13730 | D:9      | Learned a level 4 spell: Iskenderun's Mystic Blast
 13736 | D:9      | Learned a level 5 spell: Fireball
 13742 | D:9      | Learned a level 5 spell: Freezing Cloud
 13778 | D:10     | Noticed a two-headed ogre
 13781 | D:10     | Reached XP level 12. HP: 72/82 MP: 15/28
 13787 | D:10     | Killed a two-headed ogre
 14357 | D:10     | Noticed a hell knight
 14367 | D:10     | Killed a hell knight
 14701 | D:10     | Noticed a hell knight
 14712 | D:10     | Killed a hell knight
 14738 | D:10     | Noticed a hell knight
 14742 | D:10     | Noticed a hell knight
 14743 | D:10     | Noticed a hell knight
 14924 | D:10     | Killed a hell knight
 14927 | D:10     | Killed a hell knight
 15042 | D:10     | Killed a hell knight
 15173 | D:10     | Noticed a hell knight
 15284 | D:10     | Killed a hell knight
 15285 | D:10     | Reached skill level 10 in Dodging
 15434 | D:10     | Noticed Harold
 15441 | D:10     | Killed Harold
 15442 | D:10     | Reached skill level 10 in Fighting
 15687 | D:7      | Bought the ring "Uplaaj" {rElec AC+4 Str-2 Int+5} for 563
                  | gold pieces
 15786 | D:11     | Noticed a two-headed ogre
 16088 | D:11     | You fall into a shaft and drop 1 floor!
 16133 | D:12     | Reached XP level 13. HP: 82/93 MP: 2/29
 16990 | D:11     | Found a staircase to the Orcish Mines.
 17837 | Lair:1   | Noticed Fannar
 17847 | Lair:1   | Killed Fannar
 18621 | D:7      | Bought the ring "Toiluc" {Fire Drain rPois MP+9 Int+6} for
                  | 745 gold pieces
 19088 | D:7      | Bought the -2 hat of the Alchemist {rElec rPois rF+ rC+ rN+
                  | Will+ rMut rCorr} for 802 gold pieces
 19088 | D:7      | Found the -2 hat of the Alchemist {rElec rPois rF+ rC+ rN+
                  | Will+ rMut rCorr}
 19684 | Lair:2   | Reached skill level 13 in Spellcasting
 20504 | D:3      | Bought a murky purple potion for 20 gold pieces
 20504 | D:3      | Bought a notched agate ring for 115 gold pieces
 21049 | Lair:3   | Found a staircase to the Snake Pit.
 21049 | Lair:3   | You fall into a shaft and drop 1 floor!
 21663 | Lair:4   | Reached XP level 14. HP: 103/103 MP: 22/31
 21674 | Lair:4   | Reached skill level 14 in Spellcasting
 22235 | Lair:5   | Entered Level 5 of the Lair of Beasts
 22235 | Lair:5   | Noticed Urug
 22245 | Lair:5   | Killed Urug
 22986 | Lair:3   | Reached skill level 15 in Spellcasting
 24016 | Lair:3   | Found a staircase to the Swamp.
 24360 | D:7      | Bought a +6 ring of intelligence for 432 gold pieces
 24423 | D:7      | Bought Miphac's Improving Your Hermeneutics for 576 gold
                  | pieces
 24436 | D:7      | Learned a level 5 spell: Arcjolt
 24442 | D:7      | Learned a level 5 spell: Irradiate
 24594 | Lair:5   | Reached skill level 1 in Air Magic
 24608 | Lair:5   | Found a staircase to the Slime Pits.
 25129 | Lair:5   | Reached skill level 5 in Air Magic
 25294 | Lair:5   | Noticed a dire elephant
 25312 | Lair:5   | Killed a dire elephant
 25729 | Orc:1    | Entered Level 1 of the Orcish Mines
 26238 | Orc:1    | Found Lodem's Firing Range.
 26291 | Orc:2    | Entered Level 2 of the Orcish Mines
 26292 | Orc:2    | Found a staircase to the Elven Halls.
 26722 | Orc:2    | Reached XP level 15. HP: 104/108 MP: 33/34
 27141 | Orc:2    | Reached skill level 10 in Air Magic
 27619 | Orc:2    | Found Poenyon's Book Shop.
 27623 | Orc:2    | Found Enioni's Magic Scroll Emporium.
 27624 | Orc:2    | Found Nalecwih's Assorted Antiques.
 27625 | Orc:2    | Found Hoantoc's Assorted Antiques.
 28600 | D:12     | Found a transporter.
 28604 | D:12     | Found Atixus's Armour Emporium.
 28624 | D:12     | Found a transporter.
 29481 | D:13     | Found Ciute's Weapon Shoppe.
 29793 | D:13     | Found a gate to the Vaults.
 30670 | D:14     | Noticed Josephine
 30674 | D:14     | Killed Josephine
 31300 | D:15     | Entered Level 15 of the Dungeon
 31318 | D:15     | Identified the +1 long sword of Articulation {heavy, Str+3}
 31386 | D:15     | Reached XP level 16. HP: 114/114 MP: 35/35
 31392 | D:15     | Found a gate leading to a gauntlet.
 31496 | D:15     | Learned a level 7 spell: Orb of Destruction
 31498 | Gauntlet | Entered a Gauntlet
 31498 | Gauntlet | Found a transporter.
 31498 | Gauntlet | Found a transporter.
 31555 | Gauntlet | Found a transporter.
 31558 | Gauntlet | Found a transporter.
 31559 | Gauntlet | Found a transporter.
 31568 | Gauntlet | Found a transporter.
 31635 | Gauntlet | Found a transporter.
 31652 | Gauntlet | Found a transporter.
 31661 | Gauntlet | Found a transporter.
 31671 | Gauntlet | Found a transporter.
 31686 | Gauntlet | Found a transporter.
 31692 | Gauntlet | Found a transporter.
 31929 | Gauntlet | Identified the ring of the Voivode {Drain Str+5 Int+6}
 31930 | Gauntlet | Identified the +7 dagger "Ukli Rol" {freeze, rElec}
 32366 | Gauntlet | Identified the +0 plate armour of Panentheism {Fly rF- MP+9
                  | Int+2}
 33632 | D:15     | Found a staircase to the Depths.
 34112 | Swamp:1  | Entered Level 1 of the Swamp
 34388 | D:7      | Bought a book of Blasting for 520 gold pieces
 34388 | D:7      | Bought the Cyclopedia of Changing Impulse for 494 gold
                  | pieces
 34716 | Swamp:1  | Reached skill level 1 in Transmutations
 34716 | Swamp:1  | Reached skill level 1 in Earth Magic
 34716 | Swamp:1  | Identified the +9 falchion of the Swamp {flame, *Slow Will+
                  | Int+8}
 35684 | Swamp:1  | Noticed a fenstrider witch
 35688 | Swamp:1  | Killed a fenstrider witch
 35759 | Swamp:2  | Identified the +3 robe of the Ladybird {rC+ rN+ Dex+4
                  | Archmagi}
 37317 | Swamp:3  | Reached XP level 17. HP: 85/119 MP: 32/36
 37534 | Swamp:3  | Got Sif Muna's Directory of Conflagration
 37669 | Swamp:3  | Identified the +0 leather armour of Painted Brilliance
                  | {Rampage rC++}
 38415 | Swamp:4  | Entered Level 4 of the Swamp
 38465 | Swamp:4  | Reached skill level 5 in Earth Magic
 38467 | Swamp:4  | Reached skill level 5 in Transmutations
 39593 | Swamp:4  | Noticed the 27-headed Lernaean hydra
 39625 | Swamp:4  | Killed the 27-headed Lernaean hydra
 39626 | Swamp:4  | Reached skill level 16 in Spellcasting
 39806 | Swamp:4  | Got a decaying rune of Zot
 40264 | Swamp:4  | Learned a level 6 spell: Statue Form
 40598 | D:7      | Bought a book of Air for 418 gold pieces
 40728 | Snake:1  | Entered Level 1 of the Snake Pit
 40747 | Snake:1  | Found a sparkling altar of Nemelex Xobeh.
 41584 | Snake:1  | Found a runed translucent gate.
 41584 | Snake:1  | Found an opulent altar of Gozag.
 41585 | Snake:1  | Found a runed translucent gate.
 41585 | Snake:1  | Found a runed translucent gate.
 41589 | Snake:1  | Found Bemanwom's Assorted Antiques.
 41589 | Snake:1  | Found Gowuir's Assorted Antiques.
 41589 | Snake:1  | Noticed Puzaheze's ghost (adept TeCj)
 41866 | Snake:1  | Killed Puzaheze's ghost
 41867 | Snake:1  | Reached XP level 18. HP: 120/126 MP: 28/38
 42529 | Snake:2  | Noticed Nikola
 42536 | Snake:2  | Killed Nikola
 43032 | Snake:2  | Found a blossoming altar of Fedhas.
 44037 | Snake:3  | Noticed Kirke
 44045 | Snake:3  | Killed Kirke
 44161 | Snake:3  | Reached skill level 10 in Shields
 45494 | Snake:4  | Entered Level 4 of the Snake Pit
 45494 | Snake:4  | Found a transporter.
 45494 | Snake:4  | Found a transporter.
 45679 | Snake:4  | Reached skill level 10 in Transmutations
 45679 | Snake:4  | Reached skill level 10 in Earth Magic
 45828 | Snake:4  | Found a bloodstained altar of Trog.
 46073 | Snake:4  | Noticed laqueoix's ghost (adept HOFi)
 46217 | Snake:4  | Killed laqueoix's ghost
 46444 | Snake:4  | Identified the amulet of Hard Scrabble {Reflect +Inv Dex+3
                  | SH+5}
 46674 | D:7      | Bought a book of Annihilations for 720 gold pieces
 46674 | D:7      | Bought the Unrestrained Analects for 552 gold pieces
 47017 | Snake:4  | Found Walomo's Antique Weapon Emporium.
 47264 | D:7      | Bought the Compendium of Transposition for 552 gold pieces
 47276 | D:7      | Fell from the grace of Gozag
 47276 | D:7      | Became a worshipper of Ashenzari the Shackled
 47837 | Snake:4  | Reached XP level 19. HP: 131/131 MP: 9/39
 48683 | Snake:4  | Got a serpentine rune of Zot
 49082 | Snake:3  | Identified the +1 scale mail "Piyrist" {rElec rC++ rCorr
                  | Int-5}
 49485 | Elf:1    | Entered Level 1 of the Elven Halls
 50530 | Elf:1    | Reached skill level 15 in Air Magic
 50960 | Elf:2    | Reached skill level 17 in Spellcasting
 50960 | Elf:2    | Reached XP level 20. HP: 137/137 MP: 19/41
 51468 | Elf:2    | Identified the +5 long sword of the Wary Eyes {flame,
                  | rCorr}
 51827 | Elf:2    | Found a runed translucent gate.
 51828 | Elf:2    | Found a runed translucent gate.
 51828 | Elf:2    | Found a runed translucent gate.
 52372 | Elf:3    | Entered Level 3 of the Elven Halls
 54006 | Elf:3    | Was forgiven by Gozag
 54007 | Elf:3    | Reached skill level 18 in Spellcasting
 54703 | Elf:3    | Identified the +6 short sword of Gozag, Threshing {protect,
                  | +Blink Dex+3}
 54705 | Elf:3    | Identified the +5 spear of Fate {protect, *Corrode rF+ rC+
                  | Int+5}
 54705 | Elf:3    | Identified the ring "Pyatull" {rCorr Str+3}
 54705 | Elf:3    | Identified the +5 broad axe of Weiclip {freeze, *Noise
                  | Int+6}
 54709 | Elf:3    | Identified the +4 whip of Lopp {holy, *Corrode Will+ Str+2
                  | Dex+3}
 54710 | Elf:3    | Identified the +2 whip "Davesoso" {heavy, Str+3}
 54714 | Abyss:2  | Cast into level 2 of the Abyss (a deep elf sorcerer)
 54726 | Abyss:2  | Found a corrupted altar of Lugonu.
 54742 | Abyss:2  | Noticed a bone dragon
 54763 | Abyss:2  | Killed a bone dragon
 54828 | Abyss:4  | Found a corrupted altar of Lugonu.
 54861 | Abyss:6  | Found a corrupted altar of Lugonu.
 54874 | Elf:3    | Escaped the Abyss
 54878 | Elf:3    | HP: 1/137 [reaper/+4 heavy scythe (24)]
 54878 | Elf:3    | Killed from afar by a deep elf sorcerer

Illustrated notes

Levels and vault maps discovered:
D:1:      dpeg_arrival_orchard, layout_basic
D:2:      layout_loops_corners, uniq_natasha, uniq_crazy_yiuf_cottage
D:3:      layout_basic, serial_shops, nicolae_shop_stone, shop
D:4:      layout_basic, nicolae_figureground_sparkle, uniq_sigmund, uniq_robin,
          uniq_blork_the_orc
D:5:      layout_cave_pools, nicolae_ru_path_of_blood, minmay_quadrilaterals,
          uniq_menkaure, uniq_ijyb
D:6:      cheibrodos_barr_body, layout_rooms, lemuel_doored_altar,
          minmay_temple_entry_large_hall, hangedman_decor_growths,
          minmay_fractal_squares_gapless_5
D:7:      layout_basic, mainiacjoe_overflow_big_doors, lemuel_tele_altar,
          zin_scriptorium, nicolae_figureground_pulse, uniq_duvessa
D:8:      layout_loops_cross, minmay_lair_entry_grove, serial_demonic,
          serial_demonic_f, serial_demonic_e, serial_demonic_b,
          serial_demonic_d, serial_demonic_g, serial_demonic_f, uniq_pikel,
          uniq_joseph, uniq_grum, uniq_erica
D:9:      layout_irregular_city, mainiacjoe_overflow_catwalk_spiral,
          gammafunk_ghost_smash, serial_bayou_crossing
D:10:     layout_cross, minmay_rotating_lava, uniq_harold
D:11:     layout_cave_pools, david_orc_1_choice
D:12:     layout_rooms, serial_shops, nicolae_shop_drivethru,
          minmay_strange_pillars
D:13:     layout_irregular_city, lightli_vaults_fourway_checkpoint,
          serial_shops, nicolae_shop_temple_entry_statues_fountains
D:14:     layout_roguey, nicolae_titane, uniq_josephine
D:15:     grunt_enter_depths_snipers, layout_long_grid, gauntlet_entry_generic
Lair:1:   layout_cave_pods, beast_lair_carwin_2, serial_bayou_shore_b,
          lemuel_fruit_tree, uniq_fannar
Lair:2:   layout_loops_ring, serial_forest, infiniplex_forest_clump_small,
          infiniplex_forest_lined_1, infiniplex_forest_corner_2,
          infiniplex_forest_lined_4_way, infiniplex_forest_clump_medium,
          infiniplex_forest_clump_large, infiniplex_forest_clump_tiny,
          infiniplex_forest_clump_double, infiniplex_forest_lined_ring,
          infiniplex_forest_clump_small
Lair:3:   layout_small_grid, nicolae_swamp_entry_splash_gauntlet,
          guppyfry_snake_entry_island
Lair:4:   layout_loops_ring, dreamdust_gnoll_shepherd, lemuel_fruit_fields,
          grunt_megastairs_5
Lair:5:   grunt_lair_end_beastmaster, layout_cave_shapes,
          nicolae_slime_entry_slimehenge, uniq_urug
Swamp:1:  layout_basic_swamp, nicolae_swamp_big_swirl
Swamp:2:  layout_basic_swamp, evilmike_swamp_ruin_wall, swamp_pool5
Swamp:3:  layout_basic_swamp, evilmike_swamp_ruin_house_1
Swamp:4:  grunt_swamp_rune_castle, layout_basic_swamp
Snake:1:  layout_gridlike, ebering_ghost_gozag, basic_altar,
          corexii_hall_statues_s, st_stairs_7, drop_trap,
          nicolae_snake_single_loop, serial_bayou_shore_a
Snake:2:  layout_layer_cave, basic_altar, st_stairs_7, uniq_nikola
Snake:3:  nicolae_snake_attic_fulla_snakes, layout_misc_corridors,
          nicolae_snake_squiggles, statue_in_the_mist_lemuel,
          nicolae_snake_omega, serial_bayou_shore_b, grunt_megastairs_3,
          uniq_kirke
Snake:4:  snake_pit, layout_cave_shapes, serial_shops,
          nicolae_shop_hallway_stairs, gammafunk_ghost_wrathful_warriors
Orc:1:    layout_caves, nicolae_shop_firing_range
Orc:2:    st_orc_open, layout_caves, small_statue_alley_c
Elf:1:    eino_elf_arrival_sip, layout_gridlike, minmay_elf_crystal_hexagon
Elf:2:    nicolae_elf_blades_crystal_corner, layout_rooms,
          minmay_checkered_concentric_circles
Elf:3:    minmay_elf_hall_x, layout_geoelf_castle, nicolae_elf_stone_circles

Skill      XL: |  1  2  3  4  5  6  7  8  9 10 11 12 13 14 15 16 17 18 19 20 |
---------------+-------------------------------------------------------------+-----
Conjurations   | 5 6 7 8 9 11 12 13 14 | 14.7
Fighting       | 3 5 7 10 12 | 12.0
Dodging        | 4 5 8 10 12 | 12.0
Spellcasting   | 7 12 13 15 16 17 18 | 18.4
Shields        | 2 5 6 9 10 | 10.0
Air Magic      | 7 12 13 15 17 | 17.1
Transmutations | 4 7 10 12 | 12.0
Earth Magic    | 4 7 10 12 | 12.0
Stealth        | |  2.6

Action                     |  1- 3 |  4- 6 |  7- 9 | 10-12 | 13-15 | 16-18 | 19-21 || total
---------------------------+-------+-------+-------+-------+-------+-------+-------++-------
  Melee: Unarmed           |     2 |       |       |       |       |       |       ||     2
         Tentacles         |     2 |     3 |     7 |    14 |    19 |    32 |    43 ||   120
         Staff             |     2 |     3 |    36 |    43 |    60 |    88 |   119 ||   351
         Constrict         |     1 |     3 |    10 |    19 |     9 |     8 |    26 ||    76
         Punch             |       |       |     1 |       |     2 |     3 |     6 ||    12
   Cast: Magic Dart        |    24 |    13 |   100 |    50 |    56 |       |       ||   243
         Searing Ray       |     3 |     9 |    66 |    56 |     8 |       |     2 ||   144
         Passwall          |       |     1 |       |       |       |       |       ||     1
         Blink             |       |       |     2 |     6 |       |       |       ||     8
         Fulminant Prism   |       |       |     3 |    84 |   112 |    13 |     6 ||   218
         Iskenderun's Myst |       |       |       |    15 |   180 |   120 |    20 ||   335
         Freezing Cloud    |       |       |       |    10 |     7 |   159 |    16 ||   192
         Arcjolt           |       |       |       |       |    75 |    49 |   115 ||   239
         Fireball          |       |       |       |       |     6 |       |    12 ||    18
         Irradiate         |       |       |       |       |     1 |    48 |    61 ||   110
         Orb of Destructio |       |       |       |       |       |    27 |     6 ||    33
         Statue Form       |       |       |       |       |       |    20 |    44 ||    64
 Invoke: Call Merchant     |       |     4 |       |       |     1 |     3 |       ||     8
  Evoke: Wand              |       |       |       |       |       |     1 |       ||     1
    Use: Scroll            |     3 |     1 |       |       |    17 |     6 |     4 ||    31
         Potion            |     1 |     1 |       |       |       |       |       ||     2
   Stab: Sleeping          |       |       |     5 |       |       |       |     1 ||     6
         Distracted        |       |       |     1 |     1 |       |     1 |       ||     3
 Armour: Skin              |       |       |     7 |    27 |    52 |   131 |   319 ||   536
  Dodge: Dodged            |     4 |     8 |    99 |   216 |   265 |   326 |   418 ||  1336
  Block: Other             |       |       |    20 |    33 |       |     4 |       ||    57
         Buckler           |       |       |       |    10 |   139 |     2 |       ||   151
         Kite shield       |       |       |       |       |       |   297 |   471 ||   768
